Unix NetHack Version 5.0.0-0 post-release - last build Jul 19 2026 19:10:59 (3aa4ab31751d3886436d94b585a96704892fd477,branch:main).

Game began 2026-07-28 22:08:13, ended 2026-07-28 22:13:35.

Jinnora, neutral female human Healer

                                       -----------
                                       ....<.....|
                                       |...))..d.|
                                       |......@..|
                                       -.---------

Jinnora the Rhizotomist      St:9 Dx:11 Co:12 In:10 Wi:17 Ch:17  Neutral
Dlvl:3  $:1716 HP:0(13) Pw:5(5) AC:8  Xp:1/7 T:865  Hungry  

Latest messages:
 The newt bites!
 The little dog misses the newt.
 In what direction? .
 You feel better.
 The little dog misses the newt.
 The little dog misses the newt.
 You already found a monster.  Use 'm' prefix to force another search.
 It misses the newt.
 You already found a monster.  Use 'm' prefix to force another search.
 The newt bites!
 It misses the newt.
 It bites the newt.
 The newt is killed!
 You already found a monster.  Use 'm' prefix to force another search.
 You already found a monster.  Use 'm' prefix to force another search.
 You already found a monster.  Use 'm' prefix to force another search.
 You already found a monster.  Use 'm' prefix to force another search.
 You already found a monster.  Use 'm' prefix to force another search.
 The little dog bites the lichen.
 The lichen is killed!
 What do you want to use or apply? [cg-jlor or ?*] r
 What do you want to adjust? [a-u or ?*] r
 Adjust letter to what [rv-zA-Z] (? see used letters)? s
 Swapping: s - an empty bag.
 What do you want to use or apply? [cg-jlos or ?*] s
 You are beginning to feel hungry.
 You kill the goblin!
 Your little dog eats a goblin corpse.
 You swap places with your little dog.
 You kill the newt!
 You descend the stairs.
 What do you want to ready? [$qr or ?*] ?
 r - 11 darts (at the ready).
 In what direction? 4
 The dart hits the gas spore.
 In what direction? 4
 The dart hits the gas spore.
 In what direction? 4
 The dart misses the gas spore.
 In what direction? 4
 The dart misses the gas spore.
 In what direction? 4
 The dart misses the gas spore.
 In what direction? 4
 The dart hits the gas spore.
 You kill the gas spore!
 Boom!
 You are caught in the gas spore's explosion!
 It is fatal.
 Do you want your possessions identified? [ynq] (y) q

Inventory:
 Coins    ('$')
  $ - 1716 gold pieces
 Weapons  (')')
  r - 5 blessed +1 darts (at the ready)
  q - 10 uncursed +0 darts
  a - an uncursed +0 scalpel (weapon in right hand)
 Armor    ('[')
  b - an uncursed +1 pair of leather gloves (being worn)
 Comestibles  ('%')
  m - an uncursed slime mold
  k - 6 uncursed apples
  p - an uncursed cram ration
  u - an uncursed food ration
  t - a cursed melon
 Spellbooks  ('+')
  o - an uncursed spellbook of detect monsters
  i - a blessed spellbook of extra healing
  h - a blessed spellbook of healing
  l - an uncursed spellbook of levitation
  j - a blessed spellbook of stone to flesh
 Potions  ('!')
  f - 4 uncursed potions of extra healing
  e - a blessed potion of healing
  d - 4 uncursed potions of healing
 Rings    ('=')
  n - a cursed ring of teleportation
 Wands    ('/')
  g - an uncursed wand of sleep (0:5)
 Tools    ('(')
  s - an empty cursed sack
  c - an uncursed stethoscope

Jinnora the Healer's attributes:

Background:
 You were a Rhizotomist, a level 1 female human Healer.
 You were neutral, on a mission for Hermes
 who was opposed by Athena (lawful) and Poseidon (chaotic).
 You were right-handed.
 You were in the Dungeons of Doom, on level 3.
 You entered the dungeon 865 turns ago.
 It was nighttime.
 You had 7 experience points, 13 more were needed to attain level 2.

Basics:
 You had 0 out of 13 hit points.
 You had all 5 energy points (spell power).
 Your armor class was 8.
 Your wallet contained 1716 zorkmids.
 Autopickup was off.

Final Characteristics:
 Your strength was 9 (limit:18/100).
 Your dexterity was 11 (limit:18).
 Your constitution was 12 (limit:18).
 Your intelligence was 10 (limit:18).
 Your wisdom was 17 (limit:18).
 Your charisma was 17 (limit:18).

Final Status:
 You were hungry.
 You were unencumbered.
 You were wielding a knife.
 You had basic skill with knife.

Final Attributes:
 You were fervently aligned.
 You were poison resistant.
 You are dead.

Miscellaneous:
 You didn't encounter any bones levels.
 Total elapsed playing time was 5 minutes and 22 seconds.

Major events:
 Turn
    1: Jinnora the neutral female human Healer entered the dungeon
  518: entered the Gnomish Mines
  865: killed by a gas spore's explosion

Spells:
 Name                 Level Category     Fail Retention
 healing                1   healing        0%  91%-100%
 extra healing          3   healing       47%  91%-100%
 stone to flesh         3   healing       58%  91%-100%

Skills:
 Fighting Skills
   bare handed combat [Unskilled]
 Weapon Skills
   dagger             [Unskilled]
   knife              [Basic]
   short sword        [Unskilled]
   saber              [Unskilled]
   club               [Unskilled]
   mace               [Unskilled]
   quarterstaff       [Unskilled]
   polearms           [Unskilled]
   spear              [Unskilled]
   trident            [Unskilled]
   sling              [Unskilled]
   dart               [Unskilled]
   shuriken           [Unskilled]
   unicorn horn       [Unskilled]
 Spellcasting Skills
   healing spells     [Basic]

Voluntary challenges:
 Character rerolling was not enabled.
 You were vegetarian.
 You were an atheist.
 You never genocided any monsters.
 You never polymorphed an object.
 You never changed form.
 You used no wishes.
Achievement:
 You entered the Gnomish Mines.

 The Dungeons of Doom: levels 1 to 3
    Level 1:
       A fountain.
    Level 2:
       A fountain.
       Stairs down to The Gnomish Mines.
    Level 3: <- You were here.
       Final resting place for
          you, killed by a gas spore's explosion.
 The Gnomish Mines:
    Level 3:


Vanquished creatures:
  a gas spore
  a jackal
  3 goblins
  6 lichens
  a kobold zombie
  5 newts
17 creatures vanquished.

No species were genocided or became extinct.

Game over:
                       ----------
                      /          \
                     /    REST    \
                    /      IN      \
                   /     PEACE      \
                  /                  \
                  |     Jinnora      |
                  |     1716 Au      |
                  | killed by a gas  |
                  |     spore's      |
                  |    explosion     |
                  |                  |
                  |       2026       |
                 *|     *  *  *      | *
        _________)/\\_//(\/(/\)/\//\/|_)_______

Goodbye Jinnora the Healer...

You died in The Dungeons of Doom on dungeon level 3 with 155 points,
and 1716 pieces of gold, after 865 moves.
You were level 1 with a maximum of 13 hit points when you died.

